 Dungeon Crawl Stone Soup version 0.22.1-2-g9c5b331 (webtiles) character file.

175394 Monsterracer the Carver (level 17, 0/143 HPs)
             Began as a Green Draconian Earth Elementalist on Nov 17, 2018.
             Was a Priest of Elyvilon.
             Slain by an alligator (4 damage)
             ... called by a spriggan druid
             ... on level 3 of the Swamp on Nov 21, 2018.
             The game lasted 01:35:17 (42101 turns).

Monsterracer the Carver (DrEE)                     Turns: 42101, Time: 01:35:18

Health: 0/143      AC: 25    Str: 11    XL:     17   Next: 47%
Magic:  14/40      EV: 17    Int: 21    God:    Elyvilon [***...]
Gold:   1093       SH:  5    Dex: 13    Spells: 11/37 levels left

rFire    + . .     SeeInvis .   a - +10 scimitar of Beogh {freeze, Fragile rN+ MR+ MP+9}
rCold    + . .     Gourm    .   T - +0 buckler {AC+3}
rNeg     + . .     Faith    .   (armour unavailable)
rPois    +         Spirit   .   i - +2 hat {MR+}
rElec    .         Reflect  .   U - +2 cloak {MR+}
rCorr    .         Harm     .   I - +2 pair of gloves
MR       ++++.                  G - +0 pair of boots of Whack-A-Mole {rC+}
Stlth    ++........             k - amulet of regeneration
HPRegen  0.73/turn              P - +4 ring of protection
MPRegen  0.27/turn              n - ring of protection from fire {!d}

@: about to teleport, protection
A: breathe noxious fumes, unfitting armour, stinger 1, poison resistance,
cold-blooded, AC +9
a: Breathe Noxious Fumes, Lesser Healing, Heal Other, Purification, Divine
Protection, Renounce Religion


You were on level 3 of the Swamp.
You worshipped Elyvilon.
Elyvilon was most pleased with you.
You were near starving.

You visited 4 branches of the dungeon, and saw 27 of its levels.
You also visited: Labyrinth, Bailey and Ice Cave.

You collected 2819 gold pieces.
You spent 1726 gold pieces at shops.

Inventory:

Hand Weapons
 a - the +10 scimitar of Beogh (weapon) {freeze, Fragile rN+ MR+ MP+9}
   (You found it on level 11 of the Dungeon)

   It has been specially enchanted to freeze those struck by it, causing extra
   injury to most foes and up to half again as much damage against particularly
   susceptible opponents.
   It can also slow down cold-blooded creatures.
   It protects you from negative energy.
   It affects your resistance to hostile enchantments.
   It affects your magic capacity (+9).
   It will be destroyed if unequipped.
Missiles
 b - 735 stones (quivered)
Armour
 i - a +2 hat of magic resistance (worn)
 G - the +0 pair of boots of Whack-A-Mole (worn) {rC+}
   (You acquired it on level 2 of the Orcish Mines)

   It protects you from cold.
 I - a +2 pair of gloves (worn)
 L - a +1 shield of poison resistance
 T - a +0 buckler of protection (worn)
 U - a +2 cloak of magic resistance (worn)
Jewellery
 k - an amulet of regeneration (around neck)
 n - a ring of protection from fire (right hand) {!d}
 x - an uncursed ring of wizardry
 P - a +4 ring of protection (left hand)
 R - an uncursed ring of protection from fire {!d}
 V - an uncursed ring of resist corrosion
Wands
 j - a wand of acid (48)
 m - a wand of iceblast (9)
 o - a wand of paralysis (23)
 u - a wand of flame (37)
 B - a wand of enslavement (28)
 M - a wand of digging (10)
 N - a wand of disintegration (9)
Scrolls
 d - a scroll of blinking
 f - 9 scrolls of identify
 l - 7 scrolls of teleportation {!r}
 p - 2 scrolls of silence {unknown}
 q - 6 scrolls of enchant weapon
 E - 6 scrolls of magic mapping {!r}
 F - 3 scrolls of fear {!r}
 H - 8 scrolls of amnesia
 J - 2 scrolls of fog
 S - a scroll of remove curse
Potions
 e - 5 potions of heal wounds
 g - 6 potions of lignification
 h - a potion of invisibility
 r - 12 potions of curing
 s - 5 potions of brilliance
 t - 6 potions of haste
 v - 5 potions of agility
 w - 3 potions of flight
 y - 5 potions of might
 z - a potion of resistance
 A - a potion of cancellation
 C - 3 potions of magic
 D - 2 potions of mutation {!q}
 K - 2 potions of ambrosia {!q}
 Q - a potion of berserk rage {!q}
Comestibles
 c - 27 rations


   Skills:
 + Level 10.8 Fighting
 - Level 14.0 Long Blades
   Level 6.3 Polearms
   Level 3.3 Slings
 + Level 8.6 Dodging
 - Level 2.0 Stealth
 - Level 4.1 Shields
 + Level 10.6 Spellcasting
 * Level 11.3 Conjurations
 - Level 3.0 Charms
 - Level 4.1 Translocations
   Level 1.0 Transmutations
 + Level 12.2 Earth Magic
 - Level 9.5 Poison Magic
 - Level 10.0 Invocations
 - Level 5.1 Evocations


You had 11 spell levels left.
You knew the following spells:

 Your Spells              Type           Power        Failure   Level  Hunger
a - Sandblast             Erth           ######       1%          1    None
b - Conjure Flame         Conj/Fire      #####...     1%          3    None
c - Stone Arrow           Conj/Erth      ######       1%          3    None
d - Lee's Rapid Deconstr  Erth           ######....   1%          5    ####...
e - Blink                 Tloc           N/A          1%          2    None
h - Olgreb's Toxic Radia  Pois           ######..     1%          4    ##.....
i - Iron Shot             Conj/Erth      ######....   8%          6    ######.
u - Swiftness             Chrm/Air       ###.....     4%          2    None

Your spell library contained the following spells:

 Spells                   Type           Power        Failure   Level  Hunger
 Infusion                 Chrm           ###.         1%          1    None
 Magic Dart               Conj           ####         1%          1    None
 Shock                    Conj/Air       ####         1%          1    None
 Sting                    Conj/Pois      ####         1%          1    None
 Passwall                 Tmut/Erth      #####...     1%          2    None
 Poisonous Vapours        Pois/Air       ####..       1%          2    None
 Searing Ray              Conj           ######       1%          2    None
 Shroud of Golubria       Chrm/Tloc      ####......   1%          2    None
 Throw Flame              Conj/Fire      #####.       1%          2    None
 Mephitic Cloud           Conj/Pois/Air  #####...     1%          3    None
 Spider Form              Tmut/Pois      ####......   1%          3    None
 Static Discharge         Conj/Air       #####...     1%          3    None
 Venom Bolt               Conj/Pois      ######....   2%          5    ####...
 Beastly Appendage        Tmut           ###...       4%          1    None
 Leda's Liquefaction      Hex/Erth       #####.....   4%          4    ##.....
 Petrify                  Tmut/Erth      #####...     4%          4    ##.....
 Animate Skeleton         Necr           N/A          6%          1    None
 Pain                     Necr           ##..         6%          1    None
 Sticks to Snakes         Tmut           ###.....     6%          2    None
 Call Imp                 Summ           ##......     10%         2    None
 Ensorcelled Hibernation  Hex/Ice        ##....       10%         2    None
 Slow                     Hex            ##......     10%         2    None
 Sublimation of Blood     Necr           ##........   10%         2    None
 Regeneration             Chrm/Necr      ###.......   10%         3    None
 Spectral Weapon          Hex/Chrm       ###.....     10%         3    None
 Borgnjor's Vile Clutch   Necr/Erth      #####.....   14%         5    ####...
 Bolt of Draining         Conj/Necr      #####.....   16%         5    ####...
 Lightning Bolt           Conj/Air       #####.....   16%         5    ####...
 Vampiric Draining        Necr           ##........   19%         3    None
 Ice Form                 Ice/Tmut       ##......     43%         4    ##.....
 Airstrike                Air            ##........   52%         4    ##.....
 Animate Dead             Necr           N/A          52%         4    ##.....
 Summon Forest            Summ/Tloc      ###.......   58%         5    ####...
 Blade Hands              Tmut           ###.......   73%         5    ####...
 Summon Mana Viper        Hex/Summ       ##......     86%         5    ####...
 Simulacrum               Ice/Necr       ##........   100%        6    ######.
 Ignition                 Fire           ##........   100%        8    #######
 Shatter                  Erth           ######....   100%        9    #######
 Tornado                  Air            ##........   100%        9    #######


Dungeon Overview and Level Annotations

Branches:
Dungeon (15/15)            Temple (0/1) D:5            Lair (6/6) D:11
  Swamp (4/4) Lair:2        Snake (0/4) Lair:3        Slime (0/5) Lair:6
    Orc (2/2) D:11            Elf (0/3) Orc:2        Vaults (0/5) D:14
 Depths (0/5) D:15

Altars:
Ashenzari
Cheibriados
Elyvilon
Fedhas
Gozag
Hepliaklqana
Makhleb
Nemelex Xobeh
Okawaru
Qazlal
Ru
Sif Muna
Trog
Wu Jian
Xom
Beogh

Shops:
D:7 !*   Orc:1 %   Orc:2 [?*?

Annotations:
D:6 1 runed door


Innate Abilities, Weirdness & Mutations

You can breathe blasts of noxious fumes.
Your lurid green scales are hard. (AC +9)
You cannot fit into any form of body armour.
Your tail ends in a poisonous barb.
Your system is resistant to poisons. (rPois)
You are cold-blooded and may be slowed by cold attacks.


Message History

Evoke which item? (* to show all) (? for menu, Esc to quit)
That's the wrong kind of item! (Use * to select it.) Evoke which item? (* to show all) (? for menu, Esc to quit)
Aiming: Corrosive Bolt
Press: ? - help, Shift-Dir - straight line The bolt of acid hits the alligator.
The alligator is splashed with acid.
The acid corrodes the alligator!
The alligator is moderately wounded.
The bolt of acid misses the alligator.
The alligator bites you but does no damage.
The alligator barely misses you.
The alligator is engulfed in blazing flames.
Casting: Conjure Flame (safe; 1% risk of failure)
Confirm with . or Enter, or press ? or * to list all spells.
Okay, then.
Casting: Conjure Flame (safe; 1% risk of failure)
Confirm with . or Enter, or press ? or * to list all spells.
Okay, then.
Casting: Conjure Flame (safe; 1% risk of failure)
Confirm with . or Enter, or press ? or * to list all spells.
Aiming: Iron Shot (slightly dangerous; 8% risk of failure)
Press: ? - help, Shift-Dir - straight line The iron shot hits the alligator.
The alligator is severely wounded.
The alligator bites you but does no damage.
The alligator tail-slaps you but does no damage.
The alligator bites you!
* * * LOW HITPOINT WARNING * * *
The alligator tail-slaps you but does no damage.
The alligator bites you!
* * * LOW HITPOINT WARNING * * *
The alligator tail-slaps you but does no damage.
You take 22 damage, and have 31/143 hp.
You now have 11/40 mp.
You beseech Elyvilon to protect your life.
The alligator bites you but does no damage.
The alligator closely misses you. x2; The alligator tail-slaps you.
* * * LOW HITPOINT WARNING * * *
The alligator bites you but does no damage.
The alligator tail-slaps you but does no damage.
You take 2 damage, and have 29/143 hp.
The swamp dragon is engulfed in blazing flames.
The tyrant leech is engulfed in a cloud of scalding steam.
The bog body gestures at you while chanting.
You resist with almost no effort.
The alligator bites you but does no damage.
The alligator tail-slaps you but does no damage.
The alligator barely misses you. The alligator tail-slaps you.
* * * LOW HITPOINT WARNING * * *
Found a stone staircase leading up.
You take 1 damage, and have 28/143 hp.
The swamp dragon is engulfed in blazing flames.
The alligator bites you but does no damage.
The alligator tail-slaps you but does no damage.
The swamp dragon no longer looks unusually strong.
The bog body points at you and mumbles some strange words.
The bolt of cold misses you. The alligator bites you!
* * * LOW HITPOINT WARNING * * *
The alligator tail-slaps you but does no damage.
Found 17 gold pieces.
You take 10 damage, and have 19/143 hp.
The tyrant leech is engulfed in blazing flames.
The alligator is no longer covered in acid.
You block the alligator's attack. The alligator misses you.
You enter the shallow water.
Moving in this stuff is going to be slow.
The alligator barely misses you. The alligator tail-slaps you!
* * * LOW HITPOINT WARNING * * *
You take 7 damage, and have 13/143 hp.
The alligator bites you but does no damage.
The alligator completely misses you. The alligator bites you!
You can no longer call upon Elyvilon for divine vigour.
Elyvilon protects you from harm! The alligator tail-slaps you.
* * * LOW HITPOINT WARNING * * *
The alligator barely misses you. x2; The alligator bites you!
* * * LOW HITPOINT WARNING * * *
The alligator tail-slaps you but does no damage.
The alligator bites you! Elyvilon protects you from harm!
The alligator tail-slaps you! Elyvilon protects you from harm!
There is a stone staircase leading up, spattered with blood here.
You take 12 damage, and have 1/143 hp.
The alligator closely misses you. The alligator barely misses you.
The alligator bites you!! Elyvilon protects you from harm!
The alligator misses you. The bog body closely misses you.
The bog body completely misses you.
You climb upwards.
There is a stone staircase leading down here.
You regained 2 hp, and now have 3/143 hp.
Unknown command.
Unknown command.
Really read
l - 8 scrolls of teleportation {!r}?
As you read the scroll of teleportation {!r}, it crumbles to dust.
You feel strangely unstable.
You are near starving!
The alligator closely misses you.
The alligator tail-slaps you but does no damage.
The alligator bites you but does no damage.
The alligator tail-slaps you.
You die...

♣♣♣♣ ♣♣ ♣♣♣♣♣ ♣♣..≈ .♣ ♣♣♣♣.<≈♣♣
♣≈≈≈≈ ≈♣ ♣♣♣♣♣♣.≈.≈≈≈.♣♣♣≈≈≈≈ ♣♣
♣♣≈..♣♣.≈≈≈≈≈.≈♣♣.≈≈. ♣ ♣♣♣♣♣♣
♣.≈≈≈..≈≈.≈≈....≈....
♣♣...≈♣♣♣♣≈≈≈≈≈≈§≈≈≈≈≈≈≈≈..≈≈.
♣♣..≈≈.≈§..♣≈≈≈..≈≈≈≈≈≈≈≈≈§...♣
♣♣♣≈..≈≈..≈≈≈..t@n≈≈≈§≈≈≈≈≈≈≈≈≈.≈
≈♣♣♣♣.≈≈≈≈≈≈≈§..t.≈≈≈≈≈≈≈≈≈≈§≈≈.≈
.♣♣♣.≈≈≈≈≈≈≈..♣♣♣.≈≈≈≈≈≈≈≈≈≈....♣
≈.♣≈.)≈≈≈≈≈..♣♣ ♣♣.≈≈≈≈≈≈≈≈......
≈≈≈..≈≈≈≈.).♣♣ ♣≈.≈≈≈≈≈≈≈≈.♣...
.≈≈.≈≈≈≈.♣♣♣♣ ♣♣.≈≈≈≈≈≈≈≈≈♣≈.≈
≈...≈≈≈≈≈♣♣ ♣♣♣≈≈≈≈.♣♣♣♣≈≈≈
≈≈..≈≈≈≈≈.♣ ♣♣..≈.♣♣♣♣♣♣♣
♣♣♣......≈♣ ♣♣♣♣♣♣≈§♣♣


You could see 2 alligators and a bog body.

Vanquished Creatures
  Nikola (Swamp:3)
  2 thorn hunters (Swamp:4)
  Kirke (Swamp:2)
  An orc warlord (Bailey)
  5 entropy weavers (D:12)
  A reaper (IceCv)
  5 dire elephants (Lair:6)
  Azrael (D:15)
  An ettin (Orc:2)
  A minotaur (Lab)
  4 ogre magi (Orc:2)
  Josephine (D:10)
  Fannar (Lair:3)
  11 hydras
  Erolcha (D:10)
  6 ghost crabs
  Harold (D:10)
  2 centaur warriors
  24 two-headed ogres
  2 dancing weapons (D:14)
  An anaconda (Lair:6)
  13 alligators
  2 tengu warriors (D:15)
  Urug (Lair:5)
  A deep elf knight (D:15)
  5 fire crabs (D:12)
  An unseen horror (D:15)
  5 shambling mangroves
  4 spriggan druids
  A wizard (D:15)
  3 swamp dragons
  A lindwurm (Lair:6)
  A deep elf mage (D:15)
  3 orc knights
  4 oklob plants (Lair:6)
  21 ugly things
  2 orc sorcerers
  2 salamanders (shapeshifter)
  9 elephants (Lair:6)
  A water nymph (shapeshifter) (D:15)
  3 cyclopes
  Joseph (D:9)
  A guardian serpent (shapeshifter) (D:14)
  An apocalypse crab (D:12)
  4 black mambas
  2 ice statues (IceCv)
  5 centaur zombies
  3 gargoyles
  Psyche (D:9)
  4 rime drakes
  18 spiny frogs
  6 komodo dragons
  A kobold demonologist (D:13)
  2 efreet (D:15)
  A yaktaur (D:15)
  10 ice devils (IceCv)
  11 trolls
  15 tyrant leeches
  A polar bear (Lair:4)
  A wolf spider simulacrum (D:15)
  12 hornets
  8 bog bodies
  3 blink frogs (Lair:5)
  21 slime creatures
  7 dream sheep
  Sigmund (D:4)
  7 hippogriffs
  A shadow (Swamp:2)
  3 vampires
  4 basilisks
  6 water elementals
  40 yaks
  2 spriggans
  A wyvern (D:10)
  8 wraiths
  4 hogs
  3 hungry ghosts
  4 fire elementals (D:15)
  2 wargs
  21 vampire mosquitoes
  11 swamp worms
  6 nagas (Lair:3)
  3 insubstantial wisps (Swamp:3)
  An acid dragon (D:14)
  9 water moccasins
  5 porcupines
  3 hell hounds (D:15)
  6 swamp drakes
  2 sky beasts
  3 phantoms
  32 orc warriors
  A black bear (D:11)
  2 ice beasts
  A necrophage (D:8)
  27 ogres
  9 wolves
  14 crocodiles
  13 centaurs
  6 big kobolds
  17 bullfrogs
  2 jellies (D:13)
  A wyvern zombie (D:14)
  4 scorpions
  13 killer bees
  18 wights
  9 electric eels
  7 howler monkeys
  15 crimson imps
  A lava snake (D:15)
  A quasit (D:7)
  4 centaur skeletons
  11 orc priests
  10 hounds
  A bullfrog skeleton (D:12)
  A gnoll shaman (D:9)
  4 iguanas
  22 orc wizards
  14 worker ants
  2 hell rats (Lair:2)
  2 worker ant zombies
  27 gnolls
  17 adders
  6 river rats (Lair:2)
  3 shadow imps
  11 white imps (IceCv)
  4 ufetubi (IceCv)
  3 adder skeletons
  3 worms
  A dart slug (D:1)
  8 leopard geckos
  96 orcs
  2 ball pythons
  4 bats
  8 giant cockroaches
  45 hobgoblins
  10 jackals
  24 kobolds
  6 quokkas
  A ball python skeleton (D:6)
  4 frilled lizards
  55 goblins
  A jackal skeleton (D:4)
  A quokka skeleton (D:7)
  A quokka zombie (D:6)
  10 rats
  2 briar patches (Swamp:4)
  A butterfly (D:6)
  3 plants (Lair:6)
1072 creatures vanquished.

Vanquished Creatures (collateral kills)
  2 killer bees (D:8)
  2 worker ants (D:6)
4 creatures vanquished.

Vanquished Creatures (others)
  3 humans (Swamp:3)
  2 swamp worms (Swamp:3)
  A killer bee (D:8)
  4 white imps (IceCv)
  2 ufetubi (IceCv)
  A frilled lizard (D:7)
  11 fungi
  6 plants
30 creatures vanquished.

Grand Total: 1106 creatures vanquished

Notes
Turn   | Place    | Note
-------+----------+-------------------------------------------
     0 | D:1      | Monsterracer the Draconian Earth Elementalist began the
                  | quest for the Orb.
     0 | D:1      | Reached XP level 1. HP: 14/14 MP: 3/3
   181 | D:1      | Reached XP level 2. HP: 11/20 MP: 1/5
  1211 | D:1      | Reached XP level 3. HP: 26/26 MP: 2/6
  1220 | D:1      | Learned a level 3 spell: Stone Arrow
  1501 | D:2      | Found an iron altar of Okawaru.
  1573 | D:2      | Noticed a scorpion
  1584 | D:2      | Killed a scorpion
  1584 | D:2      | Reached XP level 4. HP: 32/33 MP: 3/8
  1649 | D:2      | Found a bloodstained altar of Trog.
  2118 | D:2      | Reached skill level 5 in Earth Magic
  2326 | D:2      | Reached XP level 5. HP: 38/38 MP: 3/9
  2570 | D:2      | Learned a level 5 spell: Lee's Rapid Deconstruction
  3476 | D:3      | Found a shimmering altar of Xom.
  3715 | D:3      | Reached skill level 1 in Conjurations
  3820 | D:4      | Reached XP level 6. HP: 45/45 MP: 7/11
  3916 | D:4      | Found a sparkling altar of Nemelex Xobeh.
  3917 | D:4      | Found an opulent altar of Gozag.
  3949 | D:4      | Noticed Sigmund
  3957 | D:4      | Killed Sigmund
  4126 | D:4      | Your scales start taking on a lurid green colour.
  4126 | D:4      | Reached XP level 7. HP: 50/50 MP: 2/13
  4126 | D:4      | Gained mutation: Your system is resistant to poisons.
                  | (rPois) [Green Draconian growth]
  4227 | D:4      | Found a blossoming altar of Fedhas.
  4246 | D:4      | Found a white marble altar of Elyvilon.
  4301 | D:4      | Became a worshipper of Elyvilon the Healer
  5210 | D:4      | Reached skill level 1 in Invocations
  5390 | D:4      | Learned a level 3 spell: Conjure Flame
  5393 | D:4      | Learned a level 2 spell: Blink
  5776 | D:5      | Entered Level 5 of the Dungeon
  5887 | D:5      | Found a staircase to the Ecumenical Temple.
  5963 | D:5      | Reached * piety under Elyvilon
  5965 | D:5      | Reached XP level 8. HP: 57/57 MP: 7/15
  6416 | D:5      | Found an ornate altar of the Wu Jian Council.
  6457 | D:5      | Reached skill level 1 in Translocations
  6993 | D:6      | Reached skill level 5 in Spellcasting
  7075 | D:6      | Reached skill level 1 in Fighting
  7204 | D:6      | Found a runed door.
  7481 | D:6      | Reached skill level 5 in Conjurations
  7709 | D:6      | Found a runed door.
  7920 | D:6      | Reached XP level 9. HP: 67/67 MP: 9/16
  8192 | D:7      | Found a shattered altar of Ashenzari.
  8192 | D:7      | Found Vesien's Distillery.
  8200 | D:7      | Bought a potion of magic for 104 gold pieces
  8201 | D:7      | Bought a potion of haste for 130 gold pieces
  8201 | D:7      | Bought a potion of flight for 39 gold pieces
  8201 | D:7      | Bought a potion of mutation for 104 gold pieces
  8370 | D:7      | Reached ** piety under Elyvilon
  8782 | D:7      | Found a stormy altar of Qazlal.
  9155 | D:7      | Found Zuageucw's General Store.
  9660 | D:8      | Reached *** piety under Elyvilon
  9868 | D:8      | Identified An Early Guide to the Arcane Arts
  9993 | D:8      | Found a burning altar of Makhleb.
 10060 | D:7      | Bought a potion of brilliance for 52 gold pieces
 10244 | D:8      | Reached XP level 10. HP: 63/77 MP: 9/18
 10322 | D:8      | Noticed a three-headed hydra
 10326 | D:8      | Killed a three-headed hydra
 10620 | D:9      | Found a flagged portal.
 10637 | Bailey   | Entered a bailey
 12080 | Bailey   | HP: 39/78 [orc warrior/war axe (23)]
 12141 | Bailey   | Noticed an orc warlord
 12328 | Bailey   | Noticed an orc knight
 12428 | Bailey   | Killed an orc knight
 12428 | Bailey   | Reached skill level 5 in Invocations
 12578 | Bailey   | HP: 26/79 [orc warlord/enchanted great sword (19)]
 12592 | Bailey   | HP: 14/79 [orc warlord/enchanted great sword (21)]
 12741 | Bailey   | HP: 39/79 [orc warlord/enchanted great sword (16)]
 12754 | Bailey   | HP: 33/79 [orc warlord/enchanted great sword (14)]
 12802 | Bailey   | HP: 33/79 [orc warlord/enchanted great sword (20)]
 12836 | Bailey   | Killed an orc warlord
 12836 | Bailey   | Reached skill level 10 in Earth Magic
 12969 | D:9      | Reached XP level 11. HP: 85/85 MP: 16/20
 13000 | D:9      | Noticed Joseph
 13007 | D:9      | Killed Joseph
 13111 | D:9      | Found a snail-covered altar of Cheibriados.
 13134 | D:9      | Noticed Psyche
 13143 | D:9      | Killed Psyche
 13240 | D:9      | Found a sacrificial altar of Ru.
 13505 | D:9      | Found a deep blue altar of Sif Muna.
 13580 | D:9      | Identified a scroll of acquirement
 13588 | D:9      | Reached skill level 5 in Fighting
 14023 | D:9      | Reached **** piety under Elyvilon
 14250 | D:10     | Entered Level 10 of the Dungeon
 14256 | D:10     | Noticed Erolcha
 14323 | D:9      | HP: 43/86 [something (8)]
 14328 | D:9      | HP: 33/86 [something (6)]
 14708 | D:10     | Reached skill level 1 in Polearms
 14902 | D:10     | Killed Erolcha
 14908 | D:10     | HP: 43/88 [yak (3)]
 15163 | D:10     | Noticed Josephine
 15200 | D:10     | Killed Josephine
 15200 | D:10     | Reached skill level 5 in Polearms
 15423 | D:10     | Paralysed by a centaur for 7 turns
 15837 | D:10     | Noticed Harold
 15849 | D:10     | Killed Harold
 15849 | D:10     | Reached skill level 1 in Evocations
 15996 | D:10     | Reached XP level 12. HP: 96/96 MP: 15/22
 16506 | D:10     | HP: 44/96 [gargoyle/stone arrow (10)]
 16514 | D:10     | HP: 32/96 [gargoyle/stone arrow (17)]
 17157 | D:11     | Got a crystal hunting sling
 17164 | D:11     | Identified the +7 hunting sling of Dried Tears {venom,
                  | rElec Int+3} (You found it on level 11 of the Dungeon)
 17170 | D:11     | Noticed an eight-headed hydra
 17234 | D:11     | Killed an eight-headed hydra
 17929 | D:11     | Found a staircase to the Lair.
 18187 | D:11     | Found a staircase to the Orcish Mines.
 18262 | D:11     | Got a fine scimitar
 18264 | D:11     | Identified the +10 scimitar of Beogh {freeze, Fragile rN+
                  | MR+ MP+9} (You found it on level 11 of the Dungeon)
 18320 | D:11     | Reached skill level 1 in Long Blades
 18494 | D:11     | Reached skill level 2 in Long Blades
 18606 | D:11     | Reached ***** piety under Elyvilon
 18607 | D:11     | Reached skill level 8 in Long Blades
 18607 | D:11     | Reached XP level 13. HP: 102/102 MP: 24/24
 19250 | Lair:1   | Entered Level 1 of the Lair of Beasts
 19626 | Lair:1   | HP: 40/103 [spiny frog (26)]
 20910 | Lair:2   | Reached skill level 9 in Long Blades
 21030 | Lair:2   | Learned a level 4 spell: Olgreb's Toxic Radiance
 21128 | Lair:2   | Reached ****** piety under Elyvilon
 21361 | Lair:2   | Found a staircase to the Swamp.
 21511 | Lair:3   | Noticed Fannar
 21519 | Lair:3   | HP: 34/104 [Fannar/Ozocubu's Refrigeration (22)]
 21529 | Lair:3   | Killed Fannar
 22073 | Lair:3   | Reached skill level 5 in Dodging
 22836 | Lair:3   | Found a staircase to the Snake Pit.
 22987 | Lair:4   | Got an ichor-stained spear
 23215 | Lair:4   | Reached skill level 5 in Evocations
 23218 | Lair:4   | Reached skill level 1 in Poison Magic
 23819 | Lair:5   | Gained mutation: Your tail ends in a poisonous barb. [Green
                  | Draconian growth]
 23819 | Lair:5   | Reached XP level 14. HP: 112/113 MP: 25/25
 23916 | Lair:5   | Reached skill level 5 in Poison Magic
 23982 | Lair:5   | Noticed Urug
 24048 | Lair:5   | Found a labyrinth entrance.
 24059 | Lab      | Entered a labyrinth
 24395 | Lab      | HP: 50/113 [minotaur/slimy shortbow {velocity} (13)]
 24400 | Lab      | HP: 52/113 [minotaur/slimy shortbow {velocity} (19)]
 24409 | Lab      | HP: 52/135 [minotaur/slimy shortbow {velocity} (6)]
 24412 | Lab      | HP: 16/135 [minotaur/slimy shortbow {velocity} (31)]
 24419 | Lab      | Got a slimy shortbow {velocity}
 24426 | Lab      | Identified the Incunabulum of Venomous Evil
 24442 | Lab      | Identified the Catalogue of Clay
 24453 | Lab      | Learned a level 6 spell: Iron Shot
 24525 | Lair:5   | Killed Urug
 25161 | Lair:6   | Entered Level 6 of the Lair of Beasts
 25541 | Lair:6   | Found a frozen archway.
 25596 | IceCv    | Entered an ice cave
 25735 | IceCv    | HP: 47/113 [ice devil (21)]
 26273 | IceCv    | Noticed a reaper
 26283 | IceCv    | Killed a reaper
 26283 | IceCv    | Reached skill level 10 in Long Blades
 27440 | Lair:6   | Found a staircase to the Slime Pits.
 27817 | Lair:6   | HP: 57/115 [dire elephant (13)]
 27822 | Lair:6   | HP: 11/115 [dire elephant (29)]
 28160 | Lair:6   | Got a crude rapier
 28161 | Lair:6   | Identified the +8 rapier "Saygouta" {elec, MR+} (You found
                  | it on level 6 of the Lair of Beasts)
 28543 | Lair:6   | HP: 54/115 [acid (12)]
 28634 | Lair:6   | Got a polished spear
 28789 | Orc:1    | Entered Level 1 of the Orcish Mines
 29085 | Orc:1    | Found a roughly hewn altar of Beogh.
 29338 | Orc:1    | Found Totadech's Food Boutique.
 29581 | Orc:2    | Entered Level 2 of the Orcish Mines
 29627 | Orc:2    | Reached skill level 11 in Long Blades
 29631 | Orc:2    | Reached XP level 15. HP: 109/123 MP: 18/27
 29651 | Orc:2    | HP: 58/123 [two-headed ogre/giant club (17)]
 29816 | Orc:2    | Found Xosops's Magic Scroll Emporium.
 29816 | Orc:2    | Found Ibiys's Magic Scroll Boutique.
 29817 | Orc:2    | Found Woletuamo's General Store.
 29817 | Orc:2    | Found Cehu Vov's Antique Armour Shoppe.
 29834 | Orc:2    | Bought a scroll of enchant armour for 120 gold pieces
 29837 | Orc:2    | Bought a +2 hat of magic resistance for 273 gold pieces
 29874 | Orc:2    | Bought a scroll of teleportation for 36 gold pieces
 29874 | Orc:2    | Bought a scroll of teleportation for 36 gold pieces
 29875 | Orc:2    | Bought a scroll of acquirement for 832 gold pieces
 29876 | Orc:2    | Got a pair of encrusted boots
 29887 | Orc:2    | Identified the +0 pair of boots of Whack-A-Mole {rC+} (You
                  | acquired it on level 2 of the Orcish Mines)
 29930 | Orc:2    | Found a roughly hewn altar of Beogh.
 30447 | Orc:2    | Found a staircase to the Elven Halls.
 31300 | D:12     | Reached skill level 12 in Long Blades
 31472 | D:12     | Found the +5 scythe "Finisher" {speed, Str+3}
 31521 | D:12     | Found a runed door.
 31605 | D:12     | Found a snail-covered altar of Cheibriados.
 31913 | D:12     | HP: 55/124 [entropy weaver (15)]
 32422 | D:12     | Reached skill level 13 in Long Blades
 32740 | D:12     | Identified the Compendium of Boosting Dark Magic
 33149 | D:13     | Found a roughly hewn altar of Beogh.
 33785 | D:13     | Reached skill level 14 in Long Blades
 33971 | D:14     | Found a gate to the Vaults.
 33979 | D:14     | Reached XP level 16. HP: 126/132 MP: 26/29
 34590 | D:14     | HP: 64/132 [yak (8)]
 34595 | D:14     | HP: 46/132 [yak (5)]
 35343 | D:15     | Entered Level 15 of the Dungeon
 35494 | D:15     | Reached skill level 10 in Invocations
 35514 | D:15     | Noticed Azrael
 35532 | D:15     | Killed Azrael
 35747 | D:15     | Found a staircase to the Depths.
 36920 | Swamp:1  | Entered Level 1 of the Swamp
 37370 | Swamp:1  | Reached skill level 10 in Spellcasting
 37374 | Swamp:1  | Learned a level 2 spell: Swiftness
 37469 | Swamp:1  | HP: 58/134 [very large slime creature (27)]
 37471 | Swamp:1  | HP: 28/134 [very large slime creature (41)]
 37477 | Swamp:1  | HP: 49/134 [very large slime creature (30)]
 37482 | Swamp:1  | HP: 65/134 [slime creature (6)]
 37482 | Swamp:1  | HP: 17/134 [very large slime creature (41)]
 37483 | Swamp:1  | HP: 6/134 [alligator (4)]
 37494 | Swamp:1  | Reached skill level 1 in Charms
 37494 | Swamp:1  | HP: 30/134 [alligator (9)]
 37501 | Swamp:1  | HP: 28/134 [slime creature (9)]
 37513 | Swamp:1  | HP: 13/134 [alligator (21)]
 37516 | Swamp:1  | Elyvilon protects you from harm!
 37520 | Swamp:1  | Elyvilon protects you from harm!
 37525 | Swamp:1  | Elyvilon protects you from harm!
 37527 | Swamp:1  | HP: 11/134 [alligator (6)]
 37528 | Swamp:1  | Elyvilon protects you from harm!
 37529 | Swamp:1  | Elyvilon protects you from harm!
 37608 | Swamp:1  | HP: 34/134 [shambling mangrove (36)]
 38383 | Swamp:2  | Reached skill level 10 in Conjurations
 38386 | Swamp:2  | Reached skill level 10 in Fighting
 38399 | Swamp:2  | HP: 50/134 [very large slime creature (43)]
 38401 | Swamp:2  | HP: 18/134 [very large slime creature (34)]
 38921 | Swamp:2  | Paralysed by a hornet for 2 turns
 39179 | Swamp:2  | Identified Yxtier's Grimoire of Ashen Creation
 39376 | Swamp:2  | Found a hazy altar of Hepliaklqana.
 39524 | Swamp:2  | Reached XP level 17. HP: 140/140 MP: 31/31
 39681 | Swamp:3  | Noticed Kirke
 39740 | Swamp:2  | Killed Kirke
 39796 | Swamp:2  | HP: 69/140 [tyrant leech (8)]
 40123 | Swamp:3  | Noticed Nikola
 40129 | Swamp:3  | HP: 66/141 [Nikola/chain lightning (26)]
 40135 | Swamp:3  | HP: 64/141 [something (5)]
 40140 | Swamp:3  | HP: 35/141 [Nikola/rapier of electrocution (7)]
 40145 | Swamp:3  | Killed Nikola
 40145 | Swamp:3  | HP: 22/141 [vampire mosquito (8)]
 40651 | Swamp:3  | HP: 63/141 [bog body (19)]
 41546 | Swamp:4  | Entered Level 4 of the Swamp
 41564 | Swamp:4  | HP: 60/141 [alligator (14)]
 42085 | Swamp:4  | HP: 67/143 [alligator[a spriggan druid] (8)]
 42089 | Swamp:4  | HP: 31/143 [alligator[a spriggan druid] (16)]
 42096 | Swamp:4  | HP: 13/143 [alligator[a spriggan druid] (8)]
 42097 | Swamp:4  | Elyvilon protects you from harm!
 42098 | Swamp:4  | HP: 1/143 [alligator[a spriggan druid] (12)]
 42098 | Swamp:4  | Elyvilon protects you from harm!
 42098 | Swamp:4  | Elyvilon protects you from harm!
 42099 | Swamp:4  | Elyvilon protects you from harm!
 42101 | Swamp:3  | Slain by an alligator

Skill      XL: |  1  2  3  4  5  6  7  8  9 10 11 12 13 14 15 16 17 |
---------------+----------------------------------------------------+-----
Earth Magic    | 4 5 6 7 8 9 10 11 12 | 12.2
Spellcasting   | 3 4 5 6 7 8 9 10 | 10.6
Conjurations   | 1 2 3 5 6 7 8 10 11 | 11.3
Invocations    | 1 3 4 5 6 7 9 10 | 10.0
Translocations | 2 4 |  4.1
Fighting       | 1 3 4 6 7 8 9 10 | 10.8
Shields        | 4 |  4.1
Dodging        | 2 4 5 6 7 8 |  8.6
Polearms       | 5 6 |  6.3
Evocations     | 1 5 |  5.1
Slings         | 3 |  3.3
Long Blades    | 8 9 11 14 | 14.0
Poison Magic   | 3 7 8 9 |  9.5
Stealth        | 2 |  2.0
Charms         | 3 |  3.0
Transmutations | |  1.0

Action                   |  1- 3 |  4- 6 |  7- 9 | 10-12 | 13-15 | 16-18 || total
-------------------------+-------+-------+-------+-------+-------+-------++-------
Melee: Short sword       |    32 |    20 |   188 |   159 |       |       ||   399
       Tailslap          |     3 |     9 |    24 |    29 |    99 |   110 ||   274
       Dagger            |    15 |    79 |   108 |       |       |       ||   202
       Trident           |       |       |       |   144 |       |       ||   144
       Scimitar          |       |       |       |     8 |   614 |   709 ||  1331
 Fire: Hunting sling     |       |       |       |    58 |       |       ||    58
 Cast: Sandblast         |    25 |    14 |    57 |    97 |    21 |       ||   214
       Stone Arrow       |     1 |    26 |    90 |   230 |   299 |   261 ||   907
       Conjure Flame     |       |       |       |    15 |    31 |     5 ||    51
       Blink             |       |       |       |     2 |     3 |     2 ||     7
       Lee's Rapid Decon |       |       |       |     7 |    45 |     3 ||    55
       Olgreb's Toxic Ra |       |       |       |       |    38 |    16 ||    54
       Iron Shot         |       |       |       |       |    10 |    18 ||    28
Invok: Heal Other        |       |       |       |     2 |     2 |       ||     4
       Divine Protection |       |       |       |     1 |       |     3 ||     4
       Greater Healing   |       |       |       |       |     4 |    10 ||    14
       Divine Vigour     |       |       |       |       |     1 |       ||     1
 Abil: Breathe Noxious F |       |       |    15 |    25 |    12 |     1 ||    53
Evoke: Wand              |       |       |       |       |     5 |     2 ||     7
  Use: Scroll            |       |     9 |     9 |     9 |    15 |     3 ||    45
       Potion            |       |       |       |     2 |     3 |     1 ||     6
 Stab: Sleeping          |     1 |     5 |     1 |     1 |     1 |     2 ||    11
       Confused          |       |       |     9 |     9 |       |       ||    18
  Eat: Chunk             |     2 |    10 |    25 |    21 |    45 |    35 ||   138
       Ration            |       |       |     1 |     4 |     7 |     1 ||    13
Armor: Skin              |    10 |    34 |   142 |   138 |   302 |   453 ||  1079
Dodge: Dodged            |    38 |    68 |   224 |   233 |   499 |   648 ||  1710
Block: Buckler           |       |       |     4 |    85 |   149 |   212 ||   450
       Rpst.: Scimitar   |       |       |       |     5 |   130 |   146 ||   281

Vault maps used:
D:1:      eino_arrival_water_star, minivault_23
D:2:      okawaru_metal_pillars_1_2, old_standard_altar, first_ration
D:3:      minmay_liquid_box, minmay_misc_feat_more_columns, led_xom_imps
D:4:      minmay_goblin_kobold_castle, grunt_temple_overflow_opulence,
          elyvilon_altar_5, overflow_temple_1_default, uniq_sigmund
D:5:      kennysheep_mini, minmay_temple_entry_glass
D:6:      lemuel_insect_pit
D:7:      lemuel_doored_altar, nicolae_qazlal_eye_of_the_storm, serial_shops,
          shop, shop
D:8:      lemuel_round_altar, hangedman_ranch, roderic_lattice_a
D:9:      old_standard_altar, lemuel_crystal_altar, nicolae_ru_path_of_blood,
          enter_bailey_3, uniq_joseph, uniq_psyche
D:10:     kb_rosetta, uniq_josephine, uniq_erolcha, uniq_harold
D:11:     erik_lair_island, david_orc_2
D:12:     gammafunk_mikee_crab_dinner, basic_altar,
          minmay_guarded_unrand_finisher
D:13:     special_room, st_stairs_6, minmay_misc_feat_alley
D:14:     erik_vaults_1, kennysheep_boxes
D:15:     hangedman_depths_entry_civil_slaughter, nicolae_lava_and_water,
          small_statue_intersection, uniq_azrael
Lair:1:   st_stairs_12
Lair:2:   swamp_mist_pool, kennysheep_rathole
Lair:3:   minmay_snake_entry_guardpost_medium, uniq_fannar
Lair:4:   serial_bayou_lagoon_a
Lair:5:   lab_entry_generic, uniq_urug
Lair:6:   due_jungle_book, slime_dummy, portal_ice_cave_rime,
          hibernation_bobbens, minmay_lair_oklob_chamber,
          infiniplex_staircase_pool
Swamp:1:  infiniplex_staircase_pool_2
Swamp:2:  nicolae_swamp_godswood, swamp_pool3, hangedman_swamp_diagram
Swamp:3:  hangedman_swamp_pad, swamp_pool2, uniq_nikola, uniq_kirke
Swamp:4:  swamp_pestilence, swamp_pool3, grunt_lady_of_the_lake
Orc:1:    serial_shops, shop, mines1_david
Orc:2:    st_orc_ogre_mass, mines2_david
Lab:      nicolae_lab_dead_adventurers, labyrinth_skeletal_remains
Bailey:   bailey_axe_minmay_hex_keep, bailey
IceCv:    ice_cave_small_demon
